 Dungeon Crawl Stone Soup version 0.26-a0-707-g31817bcca1 (webtiles) character file.

Game seed: 4521891362853545573

874 dickylongcocking the Poker (level 8, -2/52 (53) HPs)
             Began as a Merfolk Venom Mage on Oct 26, 2020.
             Was an Initiate of Gozag.
             Shot with an arrow by a centaur (15 damage)
             ... on level 6 of the Dungeon.
             The game lasted 00:07:39 (7152 turns).

dickylongcocking the Poker (Merfolk Venom Mage)     Turns: 7152, Time: 00:07:40

HP:   -2/52 (53)    AC:  3    Str:  8    XL:     8   Next: 4%
MP:   0/12          EV: 13    Int: 16    God:    Gozag
Gold: 335           SH:  0    Dex: 15    Spells: 5/13 levels left

rFire    . . .     SeeInvis .   l - +1 trident (flame)
rCold    . . .     Faith    .   (no shield)
rNeg     . . .     Spirit   +   a - +0 robe
rPois    .         Reflect  .   (no helmet)
rElec    .         Harm     .   (no cloak)
rCorr    .         Rampage  .   o - +0 pair of gloves
MR       +....                  (no boots)
Stlth    ++........             h - amulet of guardian spirit
HPRegen  0.17/turn              r - ring of protection from magic
MPRegen  0.13/turn              (no ring)

@: gold aura, hasted, studying Staves, very quick
A: change form in water, swift swim, stealthy swim
a: Potion Petition, Call Merchant, Bribe Branch, Renounce Religion


You were on level 6 of the Dungeon.
You worshipped Gozag.
Gozag was aware of your devotion.
You visited 2 branches of the dungeon, and saw 7 of its levels.

You collected 379 gold pieces.
You paid 44 gold pieces to Gozag.

Inventory:

Hand Weapons
 b - a +0 trident
 e - a +0 short sword
 l - a +1 trident of flaming (weapon)
 q - a +0 spear
Missiles
 u - 7 silver javelins (quivered)
Armour
 a - a +0 robe (worn)
 o - a +0 pair of gloves (worn)
Jewellery
 h - an amulet of guardian spirit (around neck)
 r - a ring of protection from magic (left hand)
Wands
 w - a wand of flame (18)
Scrolls
 c - 3 scrolls of enchant weapon
 f - a scroll of remove curse
 g - a scroll of fog
 i - 3 scrolls of teleportation
 j - 2 scrolls of noise {unknown}
 m - a scroll of immolation {unknown}
Potions
 d - a potion of resistance {unknown}
 k - a potion of cancellation
Books
 z - a manual of Staves


   Skills:
 - Level 0.8 Fighting
 - Level 0.2 Short Blades
 * Level 6.3 Polearms
 - Level 2.6 Dodging
 - Level 2.5 Stealth
 * Level 3.0 Spellcasting
 * Level 6.2 Transmutations
 * Level 6.2 Poison Magic


You had 5 spell levels left.
You knew the following spells:

 Your Spells              Type           Power        Failure   Level
a - Sting                 Tmut/Pois      ###.         1%          1
d - Olgreb's Toxic Radia  Pois           ###.....     14%         4
i - Ignite Poison         Fire/Tmut/Pois ###.....     10%         3

Your spell library contained the following spells:

 Spells                   Type           Power        Failure   Level
 Poisonous Vapours        Pois/Air       ##....       8%          2
 Mephitic Cloud           Conj/Pois/Air  #.......     24%         3


Dungeon Overview and Level Annotations

Branches:
Dungeon (6/15)             Temple (1/1) D:4

Altars:
Ashenzari
Cheibriados
Dithmenos
Elyvilon
Fedhas
Gozag
Hepliaklqana
Kikubaaqudgha
Makhleb
Nemelex Xobeh
Okawaru
Qazlal
Ru
Sif Muna
Uskayaw
Vehumet
Wu Jian
Xom
Yredelemnul
Zin
The Shining One


Message History

Unknown command.
Casting: Ignite Poison (dangerous; 10% risk of failure)
Confirm with . or Enter, or press ? or * to list all spells.
Aiming: Sting (safe; 1% risk of failure)
Press: ? - help, Shift-Dir - straight line, f - centaur
Aim: a centaur, quivering 20 arrows (wandering, hasn't noticed you)
The sting hits the centaur.
The centaur is poisoned.
The centaur is lightly wounded.
The centaur shouts!
You hear a shout!
The centaur wields a +5 shortbow.
The centaur shoots an arrow.
The arrow hits you!
The centaur shoots an arrow.
The arrow hits you!
* * * LOW HITPOINT WARNING * * *
Casting: Sting (safe; 1% risk of failure)
Confirm with . or Enter, or press ? or * to list all spells.
You don't have enough magic to cast that spell.
Unknown command.
It was a potion of haste.
You feel yourself speed up.
The centaur shoots an arrow.
The arrow hits you!
You die...
Your body crumbles into a pile of gold.

.<.. ##.#.#.#.#...
..!.#####............#
....#.###.##+##.#....
........$#[..#.....#
##...###.)$..+ #.
#...##.$#...#
..###.....#)##+##
.......$.........
#...#.@..#.#.#.#
.....c........#
.......(.......
.#...#...#######
....<..... ...#.#....#
...#....#?. $ #. #
##.)...


You could see a centaur (poisoned).

Vanquished Creatures
  An orc warrior (D:6)
  An ice beast (D:5)
  A necrophage (D:5)
  An ogre (D:4)
  A phantom (D:5)
  A scorpion (D:4)
  2 hounds (D:4)
  A jelly (D:5)
  2 orc wizards (D:5)
  A bullfrog skeleton (D:4)
  An iguana (D:5)
  2 worker ants
  3 gnolls (D:5)
  An adder (D:3)
  An ufetubus (D:5)
  An ooze (D:4)
  An adder skeleton (D:5)
  A worm (D:3)
  7 leopard geckos
  14 orcs
  2 ball pythons
  6 giant cockroaches
  4 hobgoblins
  2 jackals (D:4)
  3 bats
  6 frilled lizards
  7 goblins
  12 kobolds
  A quokka zombie (D:5)
  3 rats
90 creatures vanquished.

Notes
Turn   | Place    | Note
-------+----------+-------------------------------------------
     0 | D:1      | dickylongcocking the Merfolk Venom Mage began the quest for
                  | the Orb.
     0 | D:1      | Reached XP level 1. HP: 13/13 MP: 3/3
   317 | D:1      | Reached XP level 2. HP: 19/19 MP: 3/5
   964 | D:2      | Found an ornate altar of the Wu Jian Council.
   974 | D:2      | Reached XP level 3. HP: 19/25 MP: 1/6
  1580 | D:2      | Found a shadowy altar of Dithmenos.
  1708 | D:2      | Found a blossoming altar of Fedhas.
  2377 | D:3      | Reached skill level 1 in Polearms
  2477 | D:3      | Found a hide-covered altar of Uskayaw.
  2480 | D:3      | Noticed a +0 hand axe
  2482 | D:3      | Noticed a +0 dagger
  2514 | D:3      | Reached XP level 4. HP: 26/31 MP: 5/7
  3458 | D:4      | Found a white marble altar of Elyvilon.
  3501 | D:4      | Reached XP level 5. HP: 10/36 MP: 2/8
  4129 | D:4      | Reached XP level 6. HP: 14/42 MP: 1/9
  4754 | D:4      | Found a staircase to the Ecumenical Temple.
  4774 | Temple   | Entered the Ecumenical Temple
  4919 | Temple   | Became a worshipper of Gozag Ym Sagoz the Greedy
  4999 | D:5      | Entered Level 5 of the Dungeon
  5024 | D:5      | Noticed a phantom
  5142 | D:5      | Killed a phantom
  5142 | D:5      | Reached skill level 5 in Poison Magic
  5309 | D:5      | Noticed an ice beast
  5321 | D:5      | Found an iron altar of Okawaru.
  5321 | D:5      | Found a burning altar of Makhleb.
  5349 | D:5      | Killed an ice beast
  5349 | D:5      | Reached skill level 5 in Transmutations
  5349 | D:5      | Reached XP level 7. HP: 11/47 MP: 0/10
  5383 | D:4      | Reached skill level 5 in Polearms
  5675 | D:4      | Learned a level 4 spell: Olgreb's Toxic Radiance
  5679 | D:4      | Learned a level 3 spell: Ignite Poison
  7128 | D:6      | Reached XP level 8. HP: 32/52 MP: 0/12
  7151 | D:6      | Found the +8 lance "Wyrmbane" {slay drac, rPois rF+ rC+
                  | AC+3}
  7152 | D:6      | Shot with an arrow by a centaur

Illustrated notes

Levels and vault maps discovered:
D:1:      wheals_arrival_shading, layout_basic
D:2:      wad_crossroads, layout_loops_ring, lemuel_round_altar,
          lemuel_crystal_altar, nicolae_overflow_hidden_temple
D:3:      layout_basic, dancing_weapons_uskayaw, gup_sewer_entry_bowl
D:4:      layout_gridville, nicolae_overflow_crystal_walls, temple_hall,
          minmay_manual_maat
D:5:      layout_basic, chequers_temple_overflow_statue_of_worship,
          nrook_campfire
D:6:      layout_rooms, serial_bayou_pond_a, minmay_misc_feat_doors,
          dk_noncrumbling_2, uniq_grinder, uniq_edmund
Temple:   eino_temple_water

Skill      XL: |  1  2  3  4  5  6  7 |
---------------+----------------------+-----
Transmutations | 2 3 4 5 6 |  6.2
Polearms       | 1 2 3 4 6 |  6.3
Poison Magic   | 4 5 6 |  6.2
Spellcasting   | 3 |  3.0
Fighting       | |  0.8
Short Blades   | |  0.2
Dodging        | |  2.6
Stealth        | |  2.5

Action                   |  1- 3 |  4- 6 |  7- 9 || total
-------------------------+-------+-------+-------++-------
Melee: Unarmed           |     1 |     2 |       ||     3
       Short sword       |    52 |       |       ||    52
       Spear             |    51 |   122 |     3 ||   176
       Trident           |       |       |    38 ||    38
 Cast: Sting             |    29 |    39 |    17 ||    85
       Ignite Poison     |       |       |     5 ||     5
       Olgreb's Toxic Ra |       |       |     4 ||     4
Evoke: Wand              |       |     1 |       ||     1
  Use: Potion            |       |     4 |     6 ||    10
       Scroll            |       |     9 |       ||     9
 Stab: Sleeping          |     7 |     5 |       ||    12
Armor: Robe              |    23 |    29 |     9 ||    61
       Skin              |       |    20 |       ||    20
Dodge: Dodged            |    88 |    92 |    60 ||   240

Table legend: (Time is in decaauts)
 A = Elapsed time spent in this place.
 B = Non-inter-level travel time spent in this place.
 C = Inter-level travel time spent in this place.
 D = Time resting spent in this place.
 E = Time spent auto-exploring this place.
 F = Levels seen in this place.
 G = Mean time per level.
                   A        B        C        D        E       F      G
               +--------+--------+--------+--------+--------+-----+--------+
         Total |   7108 |   6801 |    307 |   1129 |   4584 |   7 | 1015.4 |
       Dungeon |   6991 |   6696 |    295 |   1129 |   4525 |   6 | 1165.2 |
        Temple |    117 |    105 |     12 |      0 |     58 |   1 |  117.0 |
               +--------+--------+--------+--------+--------+-----+--------+

Top non-repeatable levels by time:
     D:4: 2417 daAuts
     D:5: 1403 daAuts
     D:3: 1125 daAuts
     D:2: 1090 daAuts
     D:1: 911 daAuts
  Temple: 117 daAuts
     D:6: 43 daAuts
